 Dungeon Crawl Stone Soup version 0.23-a0-395-gcf17ac6 (webtiles) character file.

56 BingusPrime the Ruffian (level 3, -12/28 HPs)
             Began as a Draconian Transmuter on Nov 1, 2018.
             Mangled by Crazy Yiuf
             ... wielding a +3 quarterstaff of chaos
              (14 damage)
             ... on level 2 of the Dungeon.
             The game lasted 00:04:19 (1897 turns).

BingusPrime the Ruffian (Draconian Transmuter)      Turns: 1897, Time: 00:04:20

Health: -12/28     AC:  5    Str: 12    XL:     3   Next: 71%
Magic:  5/6        EV: 11    Int: 14    God:
Gold:   65         SH:  3    Dex: 11    Spells: 3/6 levels left

rFire    . . .     SeeInvis .     - Unarmed
rCold    + . .     Gourm    .   m - +0 buckler
rNeg     . . .     Faith    .   (armour unavailable)
rPois    .         Spirit   .   (helmet restricted)
rElec    .         Reflect  .   (no cloak)
rCorr    .         Harm     .   (no gloves)
MR       .....                  (no boots)
Stlth    +.........             (no amulet)
HPRegen  0.09/turn              k - ring of protection from cold
MPRegen  0.10/turn              (no ring)

@: appendage
A: unfitting armour, horns 2, cold-blooded, AC +5
a: End Transformation


You were on level 2 of the Dungeon.
You were hungry.
You had grown temporary horns.
You visited 1 branch of the dungeon, and saw 2 of its levels.

You collected 65 gold pieces.

Inventory:

Missiles
 a - 12 arrows
Armour
 m - a +0 buckler (worn)
Jewellery
 k - a ring of protection from cold (left hand)
Scrolls
 e - a scroll of blinking {unknown}
 f - a scroll of enchant armour {unknown}
 g - 2 scrolls of remove curse {unknown}
 h - a scroll of amnesia {unknown}
 i - 2 scrolls of enchant weapon {unknown}
 j - a scroll of teleportation {unknown}
Potions
 b - a potion of resistance {unknown}
 d - 2 potions of berserk rage
 l - a potion of magic {unknown}
Comestibles
 c - 4 rations


   Skills:
 + Level 1.1 Fighting
 + Level 2.0 Dodging
 + Level 0.1 Stealth
 * Level 4.1 Unarmed Combat
 + Level 2.3 Spellcasting
 + Level 2.2 Transmutations


You had 3 spell levels left.
You knew the following spells:

 Your Spells              Type           Power        Failure   Level  Hunger
a - Beastly Appendage     Tmut           #.....       16%         1    #......
b - Sticks to Snakes      Tmut           #.......     22%         2    ###....

Your spell library contained the following spells:

 Spells                   Type           Power        Failure   Level  Hunger
 Spider Form              Tmut/Pois      #.........   58%         3    ###....
 Ice Form                 Ice/Tmut       #.......     94%         4    #####..
 Blade Hands              Tmut           #.........   99%         5    ######.


Dungeon Overview and Level Annotations

Branches:
Dungeon (2/15)

Altars:
Ashenzari
Zin

Annotations:
D:2 Crazy Yiuf


Innate Abilities, Weirdness & Mutations

Your plain brown scales are hard. (AC +5)
You cannot fit into any form of body armour.
You are cold-blooded and may be slowed by cold attacks.
You have a pair of horns on your head.


Message History

You hit Crazy Yiuf but do no damage. You hit Crazy Yiuf but do no damage.
You headbutt Crazy Yiuf.
Your tail-slap misses Crazy Yiuf.
Crazy Yiuf is lightly wounded.
Crazy Yiuf hits you with a +3 quarterstaff of chaos!
Crazy Yiuf freezes you.
You hit Crazy Yiuf. Your headbutt misses Crazy Yiuf.
Crazy Yiuf is heavily wounded.
Crazy Yiuf cries, "Hah hand bag!"
Crazy Yiuf hits you with a +3 quarterstaff of chaos!
Ouch! That really hurt!
* * * LOW HITPOINT WARNING * * *
Crazy Yiuf burns you.
* * * LOW HITPOINT WARNING * * *
You hit Crazy Yiuf but do no damage.
Crazy Yiuf is heavily wounded.
Crazy Yiuf sings, "Trees, trees, trees, circus!"
Crazy Yiuf hits you with a +3 quarterstaff of chaos!
Ouch! That really hurt!
You die...

####### #####
...(..# #..)#
....#.# #...#
...##.# ... ..##..#
#g# .##...# ##@#
##....# #.## #.....#
##.# ......# #.##
......# ##.##
#####.# #...##
......# #PP.P#
......## #....# ##
.......##
#....##############.


You could see Crazy Yiuf.

Vanquished Creatures
  An ooze (D:1)
  5 worms (D:2)
  2 dart slugs (D:2)
  2 bats (D:2)
  A giant cockroach (D:2)
  4 goblins
  4 hobgoblins
  2 jackals (D:2)
  4 frilled lizards
  5 kobolds
  4 rats
34 creatures vanquished.

Notes
Turn   | Place    | Note
-------+----------+-------------------------------------------
     0 | D:1      | BingusPrime the Draconian Transmuter began the quest for
                  | the Orb.
     0 | D:1      | Reached XP level 1. HP: 16/16 MP: 3/3
   172 | D:1      | Reached XP level 2. HP: 23/23 MP: 5/5
  1037 | D:2      | Reached XP level 3. HP: 15/28 MP: 6/6
  1051 | D:2      | Found a shattered altar of Ashenzari.
  1522 | D:2      | Reached skill level 4 in Unarmed Combat
  1684 | D:2      | Found a glowing silver altar of Zin.
  1747 | D:2      | Found a runed door.
  1775 | D:2      | Learned a level 2 spell: Sticks to Snakes
  1891 | D:2      | Noticed Crazy Yiuf
  1897 | D:2      | Mangled by Crazy Yiuf

Vault maps used:
D:1:      minmay_arrival_jagged, corexii_leaking_fountain
D:2:      marbit_many_paths, nicolae_ashenzari_panopticon, first_ration,
          minmay_misc_feat_rugged, uniq_crazy_yiuf_cottage

Skill      XL: |  1  2  3 |
---------------+----------+-----
Dodging        | 2 |  2.0
Unarmed Combat | 4 |  4.1
Fighting       | |  1.1
Stealth        | |  0.1
Spellcasting   | |  2.3
Transmutations | |  2.2

Action                   || total
-------------------------++-------
Melee: Unarmed           ||   147
       Tailslap          ||    12
       Headbutt          ||     6
       Punch             ||     4
       Kick              ||    10
 Cast: Beastly Appendage ||    15
  Use: Scroll            ||     1
 Stab: Sleeping          ||     1
  Eat: Chunk             ||     3
Armor: Skin              ||    30
Dodge: Dodged            ||    75
Block: Buckler           ||     1

Table legend:
 A = Non-vault XP
 B = Vault XP
 C = Vault XP percentage of total XP
 D = Non-vault monster count
 E = Vault monster count
 F = Vault count percentage of total count
                 A         B        C        D         E       F
            +---------+---------+-------+---------+---------+-------
      Total |      79 |       2 |   2.5 |      33 |       1 |   2.9
            +---------+---------+-------+---------+---------+-------
        D:1 |      16 |       0 |   0.0 |       7 |       0 |   0.0
        D:2 |      63 |       2 |   3.1 |      26 |       1 |   3.7
            +---------+---------+-------+---------+---------+-------
